Map: Oxide LE

Players

PtitDrogo - Winner!

  • Race: Protoss Protoss

Denver

  • Race: Zerg Zerg

Event: DreamHack SC2 Masters 2021 Fall

VOD

Have the link to the VOD?

Description

Time

  • Played on: July 29, 2021, 11:42 a.m.
  • Length: 8:17

All games in this series

Show
View Real Time Build Order
Export as new Build Order

PtitDrogo Protoss - Winner!

Build Orders: 1 Gate Expand, Oracle Opening 

Get SALT Encoding   

  12  0:00  Probe  
  13  0:12  Probe  
  14  0:19  Pylon  
  14  0:24  Probe (Chrono Boost)  
  15  0:37  Probe (Chrono Boost)  
  15  0:40  Gateway  
  16  0:46  Probe (Chrono Boost)  
  16  0:49  Assimilator  
  17  0:51  Probe  
  18  1:03  Probe  
  19  1:16  Probe  
  20  1:26  Nexus  
  20  1:37  Cybernetics Core  
  20  1:40  Probe  
  20  1:46  Assimilator  
  21  1:52  Probe  
  22  1:55  Pylon  
  22  2:04  Probe  
  23  2:10  Adept (Chrono Boost)  
  25  2:16  Probe  
  25  2:18  Stargate  
  26  2:26  Warp Gate  
  26  2:29  Probe (Chrono Boost)  
  27  2:31  Adept (Chrono Boost)  
  29  2:39  Probe (Chrono Boost)  
  31  2:46  Probe (Chrono Boost)  
  31  2:48  Probe (Chrono Boost)  
  32  2:53  Probe x2 (Chrono Boost)  
  34  3:03  Oracle (Chrono Boost)  
  34  3:04  Probe  
  38  3:09  Probe  
  38  3:11  Pylon  
  39  3:13  Adept  
  39  3:16  Probe  
  41  3:21  Probe  
  42  3:29  Gateway, Probe  
  42  3:33  Probe  
  44  3:35  Oracle (Chrono Boost)  
  44  3:41  Probe  
  47  3:45  Probe  
  48  3:55  Pylon  
  46  3:57  Nexus  
  46  4:00  Probe  
  46  4:01  Probe  
  48  4:06  Oracle  
  51  4:13  Pylon  
  51  4:14  Stalker  
  53  4:21  Probe x2  
  55  4:27  Adept  
  57  4:31  Assimilator  
  57  4:33  Assimilator, Probe  
  57  4:34  Probe  
  59  4:44  Twilight Council, Forge  
  59  4:45  Probe (Chrono Boost)  
  59  4:48  Probe (Chrono Boost)  
  61  4:57  Adept x2, Probe (Chrono Boost)  
  61  4:58  Probe (Chrono Boost)  
  67  5:01  Probe (Chrono Boost)  
  67  5:03  Probe (Chrono Boost)  
  69  5:07  Shield Battery  
  69  5:12  Probe  
  69  5:14  Probe x2 (Chrono Boost)  
  71  5:17  Gateway  
  71  5:19  Protoss Ground Weapons Level 1 (Chrono Boost)  
  71  5:20  Gateway  
  72  5:24  Probe (Chrono Boost)  
  72  5:27  Probe (Chrono Boost)  
  75  5:32  Probe (Chrono Boost)  
  75  5:34  Probe (Chrono Boost)  
  75  5:35  Probe (Chrono Boost)  
  77  5:39  Probe x2 (Chrono Boost)  
  77  5:41  Blink (Chrono Boost), Probe  
  80  5:42  Sentry  
  80  5:44  Robotics Facility  
  80  5:46  Pylon  
  82  5:50  Probe x2  
  82  5:53  Probe  
  82  5:56  Pylon  
  85  6:04  Probe x2  
  87  6:05  Probe  
  87  6:06  Assimilator x2  
  88  6:15  Sentry  
  88  6:16  Gateway x2, Sentry, Probe  
  88  6:17  Sentry x2, Probe  
  96  6:18  Gateway  
  94  6:29  Phoenix  
  94  6:30  Gateway  
  94  6:32  Warp Prism (Chrono Boost)  
  94  6:33  Pylon, Gateway  
  94  6:39  Stalker x2  
  100  6:41  Pylon  
  100  6:46  Nexus  
  100  7:01  Stalker x2  
  102  7:04  Pylon, Observer  
  102  7:05  Pylon  
  102  7:07  Pylon, Probe  
  106  7:13  Stalker x2  
  106  7:14  Stalker x2  
  114  7:19  Pylon  
  114  7:28  Stalker x5  
  124  7:36  Stalker  
  126  7:37  Stalker x2  
  122  7:53  Stalker x6  
  129  7:58  Probe  
Show
View Real Time Build Order
Export as new Build Order

Denver Zerg 

Build Orders: Hatch First 

Get SALT Encoding   

  12  0:00  Drone  
  13  0:12  Overlord  
  13  0:17  Drone  
  14  0:30  Drone x2  
  16  0:50  Hatchery  
  16  0:52  Drone  
  16  0:54  Drone  
  17  0:58  Drone  
  18  1:08  Extractor  
  17  1:14  Spawning Pool  
  17  1:18  Drone  
  17  1:20  Drone  
  18  1:28  Drone  
  19  1:40  Drone  
  20  1:50  Overlord  
  20  2:02  Queen x2, Zergling x4  
  26  2:10  Metabolic Boost  
  26  2:12  Drone  
  26  2:14  Drone  
  29  2:22  Drone  
  29  2:27  Drone  
  30  2:37  Hatchery  
  30  2:44  Queen  
  29  2:48  Overlord  
  31  2:52  Drone  
  31  2:54  Drone  
  33  2:58  Zergling x2  
  34  3:05  Spore Crawler  
  34  3:07  Spore Crawler  
  34  3:10  Zergling x4  
  34  3:11  Drone x3  
  38  3:20  Spore Crawler  
  38  3:24  Drone x3  
  41  3:28  Spore Crawler  
  41  3:32  Drone x3  
  43  3:41  Queen, Extractor  
  44  3:42  Overlord  
  44  3:45  Overlord  
  45  3:53  Drone x2  
  45  3:56  Drone x3  
  45  3:58  Drone  
  49  4:03  Queen  
  49  4:09  Spore Crawler  
  50  4:10  Drone  
  50  4:12  Spore Crawler, Drone  
  50  4:16  Overlord  
  51  4:20  Zergling x4  
  51  4:23  Drone  
  54  4:24  Evolution Chamber  
  54  4:25  Drone  
  54  4:30  Drone x3  
  57  4:34  Overlord  
  57  4:40  Drone x4  
  61  4:45  Drone  
  61  4:46  Drone x2  
  61  4:48  Overlord  
  64  4:53  Extractor x2  
  64  4:55  Lair  
  62  5:00  Overlord  
  62  5:02  Drone x2  
  62  5:03  Drone  
  62  5:04  Drone  
  62  5:05  Drone  
  66  5:12  Queen  
  66  5:13  Zergling x2  
  66  5:14  Zergling x6  
  72  5:18  Drone  
  72  5:19  Drone x2  
  75  5:21  Drone x2  
  75  5:22  Drone  
  75  5:24  Extractor  
  75  5:27  Zergling x4  
  79  5:29  Drone x4  
  81  5:37  Drone x3  
  83  5:46  Evolution Chamber  
  83  5:48  Extractor x2, Drone  
  83  5:49  Drone x3  
  84  5:53  Overseer  
  84  5:56  Overlord  
  84  5:58  Hatchery  
  84  5:59  Drone x2  
  85  6:09  Roach Warren  
  83  6:11  Zerg Missile Weapons Level 1  
  83  6:13  Drone x3  
  83  6:15  Drone x3  
  83  6:16  Overlord  
  89  6:22  Zergling x2  
  89  6:23  Zergling x8  
  94  6:31  Hydralisk Den  
  94  6:32  Infestation Pit  
  92  6:33  Overlord x3  
  92  6:37  Drone  
  92  6:38  Drone x4  
  97  6:50  Glial Reconstitution  
  97  6:52  Roach x6  
  109  7:00  Roach x4  
  114  7:03  Drone  
  114  7:04  Drone  
  114  7:06  Drone x3  
  119  7:10  Lurker Den  
  119  7:13  Extractor  
  119  7:14  Drone  
  119  7:15  Drone x5  
  123  7:16  Extractor  
  123  7:21  Ravager x4  
  127  7:22  Zergling x2  
  127  7:23  Zergling x4  
  127  7:25  Overlord  
  128  7:31  Ravager x4  
  128  7:32  Overlord  
  128  7:34  Roach x3  
  128  7:36  Overlord  
  134  7:37  Overlord  
  128  7:45  Roach x8  
  128  7:50  Overlord  
  133  7:53  Roach x4  
  133  7:57  Roach  
  133  7:58  Roach  
  122  7:59  Overlord  

Tags
 
Add a new tag
Caveats
  • Supply blocks, unpowered buildings, or Contaminate may cause inaccurate times.
  • Supply counts are checked every 10 seconds.